 Dungeon Crawl Stone Soup version 0.29.1-12-g30fa7ad0bf (webtiles) character file.

Game seed: 2682465757792479940

1257 mampy3000 the Ruffian (level 8, -3/78 HPs)
             Began as a Troll Fighter on Dec 29, 2022.
             Slain by an ice beast (14 damage)
             ... on level 5 of the Dungeon.
             The game lasted 00:13:51 (3926 turns).

mampy3000 the Ruffian (Troll Fighter)               Turns: 3926, Time: 00:13:54

Health: -3/78      AC:  4    Str: 27    XL:     8   Next: 27%
Magic:  7/7        EV:  9    Int:  4    God:
Gold:   275        SH:  8    Dex:  9    Spells: 7/7 levels left

rFire   . . .      SeeInvis .     - Unarmed
rCold   . . .      Faith    .   b - +0 kite shield
rNeg    . . .      Spirit   .   a - +0 robe
rPois   .          Reflect  .   (helmet restricted)
rElec   .          Harm     .   (no cloak)
rCorr   .          Rampage  .   (gloves unavailable)
Will    .....                   (boots unavailable)
Stlth   +.........              (no amulet)
HPRegen 1.03/turn               (no ring)
MPRegen 0.10/turn               (no ring)

@: studying Translocations
A: large, unfitting armour, claws 3, regeneration 1, shaggy fur 1, tough skin 1
a: no special abilities


You were on level 5 of the Dungeon.
You visited 1 branch of the dungeon, and saw 5 of its levels.
You also visited: Sewer.

You collected 275 gold pieces.

Inventory:

Missiles
 h - 5 boomerangs (quivered)
Armour
 a - a +0 robe (worn)
 b - a +0 kite shield (worn)
Jewellery
 r - a ring of magical power
Scrolls
 d - a scroll of vulnerability
 e - 3 scrolls of blinking
 g - 6 scrolls of identify
 q - a scroll of teleportation
 t - 2 scrolls of butterflies {unknown}
 u - a scroll of silence {unknown}
 v - a scroll of noise {unknown}
 w - a scroll of amnesia {unknown}
Potions
 c - 3 potions of might
 f - 2 potions of degeneration
 i - a potion of ambrosia {unknown}
 j - a potion of attraction {unknown}
 k - a potion of mutation {unknown}
 l - a potion of lignification {unknown}
 m - 2 potions of heal wounds {unknown}
 n - 3 potions of haste
 p - a potion of invisibility {unknown}
 s - a potion of curing {unknown}
 x - a potion of flight {unknown}
 z - 2 potions of brilliance {unknown}


   Skills:
 + Level 3.7 Fighting
 + Level 4.4 Dodging
 + Level 0.6 Stealth
 + Level 4.9 Shields
 + Level 6.9 Unarmed Combat


You had 7 spell levels left.
You didn't know any spells.
Your spell library contained the following spells:

 Spells                   Type           Power      Damage    Failure   Level
 Apportation              Tloc           0%         N/A       77%         1
 Necrotise                Necr           0%         1d4       77%         1
 Summon Small Mammal      Summ           0%         N/A       77%         1
 Alistair's Intoxication  Tmut/Pois      0%         N/A       100%        5
 Borgnjor's Vile Clutch   Necr/Erth      0%         N/A       100%        5
 Eringya's Noxious Bog    Tmut/Pois      0%         N/A       100%        6


Dungeon Overview and Level Annotations

Branches:
Dungeon (5/15)              Sewer (visited)
 Temple: D:4-7

Altars:
Ashenzari


Innate Abilities, Weirdness & Mutations

You are too large for most types of armour.
You have claws for hands.
Your natural rate of healing is unusually fast.
You are covered in fur. (AC +1)
You have tough skin. (AC +1)


Message History

You hear a shout!
Something shouts, "Get thee hence, thou dissembling kobold-kissing vulture!"
The orc wizard shouts!
A shadow imp and a centaur come into view.
Found a green potion and 4 gold pieces.
An iguana comes into view.
A white imp comes into view.
Found 13 gold pieces.
The iguana hisses angrily.
You hear a distant slurping noise.
There is an open door here.
Throw: 6 boomerangs
Press: ? - help, Q - select action Shift-Dir - straight line, f - ogre
Aim: an ogre, wielding a +0 giant club (71% to hit)
You throw a boomerang.
The boomerang hits the ogre but does no damage.
The ogre hits you with a +0 giant club.
You claw the ogre!
The ogre is moderately wounded.
The iguana bites you!
You claw the ogre!
The ogre is severely wounded.
The ogre hits you with a +0 giant club!!
* * * LOW HITPOINT WARNING * * *
The iguana misses you.
You claw the ogre!
You kill the ogre!
The iguana barely misses you.
You mangle the white imp!!
You kill the white imp!
The iguana misses you.
You scratch the ice beast.
The ice beast is lightly wounded.
The ice beast closely misses you. The iguana bites you!
* * * LOW HITPOINT WARNING * * *
You mangle the ice beast!!
The ice beast is severely wounded.
A jelly comes into view.
The ice beast hits you.
* * * LOW HITPOINT WARNING * * *
The ice beast freezes you!
You die...

####
##..######
#...l##..##
#.)oY@....#
##5c##†...#
..'#'###..##
..J.##..
##+# #..#
.o. #'# 5c..
#.. $..8. $.
!..... .#


You could see an ice beast, a centaur, an iguana, a jelly (wandering), an orc
wizard and a shadow imp.

Vanquished Creatures
  Eustachio (D:4)
  A water moccasin (D:5)
  An ogre (D:5)
  7 kobold brigands (Sewer)
  A bullfrog (D:4)
  A scorpion (D:5)
  3 iguanas
  3 gnolls (D:3)
  9 adders
  2 river rats
  A white imp (D:5)
  An adder zombie (D:5)
  3 worms
  A dart slug (D:3)
  10 endoplasms
  7 giant cockroaches
  5 goblins
  9 hobgoblins
  4 jackals (D:3)
  3 quokkas
  10 ball pythons
  7 bats
  3 frilled lizards
  13 kobolds
  16 rats
122 creatures vanquished.

Vanquished Creatures (others)
  A plant (D:3)
1 creature vanquished.

Grand Total: 123 creatures vanquished

Notes
Turn   | Place    | Note
-------+----------+-------------------------------------------
     0 | D:1      | mampy3000 the Troll Fighter began the quest for the Orb.
     0 | D:1      | Reached XP level 1. HP: 22/22 MP: 0/0
   139 | D:1      | Reached XP level 2. HP: 29/29 MP: 1/1
   770 | D:2      | Found a broken altar of Ashenzari.
   920 | D:2      | Reached XP level 3. HP: 36/36 MP: 2/2
  1230 | D:2      | Found a faded altar of an unknown god.
  1310 | D:3      | Found a glowing drain.
  1325 | D:3      | Reached skill level 3 in Unarmed Combat
  1327 | D:3      | Reached XP level 4. HP: 43/44 MP: 3/3
  1372 | Sewer    | Entered a sewer
  1410 | Sewer    | Noticed a kobold brigand
  1427 | Sewer    | Killed a kobold brigand
  1428 | Sewer    | Reached XP level 5. HP: 23/52 MP: 4/4
  1564 | Sewer    | Reached skill level 4 in Unarmed Combat
  1697 | Sewer    | Reached XP level 6. HP: 29/61 MP: 5/5
  1905 | Sewer    | Reached skill level 5 in Unarmed Combat
  1905 | Sewer    | Reached XP level 7. HP: 49/67 MP: 6/6
  3552 | D:4      | Noticed Eustachio
  3567 | D:4      | Killed Eustachio
  3568 | D:4      | Reached skill level 6 in Unarmed Combat
  3782 | D:5      | Entered Level 5 of the Dungeon
  3858 | D:5      | Reached XP level 8. HP: 64/78 MP: 7/7
  3926 | D:5      | Slain by an ice beast

Illustrated notes

Levels and vault maps discovered:
D:1:      elethiomel_arrival_infinity_welcomes_careful_drivers,
          layout_loops_ring
D:2:      layout_basic, basic_altar, hellmonk_ecumenical_altar_slurped_away,
          minmay_misc_feat_five
D:3:      kennysheep_big_flooded_room, layout_basic, portal_sewer_entry_b,
          hex_intersection, serial_bayou_pond_d
D:4:      layout_basic, minmay_manual_macuahuitl, uniq_eustachio
D:5:      minmay_bubble_buster, layout_rooms, serial_undead, serial_undead_a,
          serial_undead_c, serial_undead_e, serial_undead_d, minmay_between

Skill      XL: |  1  2  3  4  5  6  7 |
---------------+----------------------+-----
Shields        | 3 4 |  4.9
Unarmed Combat | 3 4 5 6 |  6.9
Fighting       | 3 |  3.7
Dodging        | 3 4 |  4.4
Stealth        | |  0.6

Action                   |  1- 3 |  4- 6 |  7- 9 || total
-------------------------+-------+-------+-------++-------
Melee: Unarmed           |   114 |   117 |   139 ||   370
Throw: Boomerang         |       |       |     1 ||     1
  Use: Scroll            |       |       |     7 ||     7
 Stab: Sleeping          |     2 |       |       ||     2
Armor: Robe              |    47 |    35 |    36 ||   118
Dodge: Dodged            |    50 |    52 |    58 ||   160
Block: Kite shield       |    45 |    46 |    71 ||   162
